 Dungeon Crawl Stone Soup version 0.21-a0-52-gbf49515 (webtiles) character file.

936 xgamer67 the Martial Artist (level 8, -6/48 HPs)
             Began as an Octopode Transmuter on June 13, 2017.
             Was a Believer of Cheibriados.
             Mangled by a wyvern (18 damage)
             ... on level 8 of the Dungeon.
             The game lasted 00:13:12 (6105 turns).

xgamer67 the Martial Artist (Octopode Transmuter)   Turns: 6105, Time: 00:13:13

Health: -6/48      AC:  1    Str: 14    XL:     8   Next: 12%
Magic:  6/11       EV: 16    Int: 20    God:    Cheibriados [**....]
Gold:   297        SH:  0    Dex: 17    Spells: 5/11 levels left

rFire    . . .     SeeInvis .     - Unarmed
rCold    . . .     Gourm    .   (no shield)
rNeg     . . .     Faith    .   (helmet restricted)
rPois    .         Spirit   .   r - amulet of regeneration
rElec    .         Reflect  .   h - ring of stealth
rCorr    .         Harm     .   w - +2 ring of evasion
MR       .....                  (no ring)
Stlth    ++++......             (no ring)
Regen    0.6/turn               (no ring)
MPRegen  0.2/turn               (no ring)
                                (no ring)
                                (no ring)

@: appendage (expiring), very slightly contaminated, invisible, very slow
A: almost no armour, stealthy swim, amphibious, 8 rings, constrict 8, tentacle
spike 3, camouflage 1, gelatinous body 1
a: End Transformation, Bend Time, Renounce Religion


You were on level 8 of the Dungeon.
You worshipped Cheibriados.
Cheibriados was pleased with you.
You were very hungry.
One of your tentacles had a temporary spike.
You visited 1 branch of the dungeon, and saw 8 of its levels.

You collected 297 gold pieces.

Inventory:

Missiles
 a - 48 arrows
 f - 165 stones (quivered)
Armour
 o - a +0 shield
Jewellery
 h - a ring of stealth (left tentacle)
 r - an amulet of regeneration (around mantle)
 w - a +2 ring of evasion (right tentacle)
Wands
 e - a wand of enslavement (13/24)
Scrolls
 g - 2 scrolls of remove curse
 j - a scroll of immolation {unknown}
 l - 3 scrolls of noise {unknown}
 q - a scroll of blinking {unknown}
 t - a scroll of enchant weapon
 u - a scroll of fear {unknown}
 x - a scroll of recharging {unknown}
Potions
 d - a potion of flight
 i - a potion of invisibility
 k - 2 potions of brilliance
 m - a potion of magic
 n - 2 potions of curing
 v - a potion of heal wounds {unknown}
Books
 b - a book of Changes

   Spells                             Type                      Level
   a - Beastly Appendage              Transmutation                1
   b - Sticks to Snakes               Transmutation                2
   c - Spider Form                    Transmutation/Poison         3
   d - Ice Form                       Ice/Transmutation            4
   e - Blade Hands                    Transmutation                5
Comestibles
 c - 6 bread rations
 p - 3 meat rations
 s - 2 fruits


   Skills:
 - Level 1.0 Fighting
 - Level 2.0 Dodging
 * Level 8.0 Unarmed Combat
 - Level 2.0 Spellcasting
 - Level 3.0 Transmutations
 - Level 2.1 Poison Magic
 + Level 4.1 Invocations


You had 5 spell levels left.
You knew the following spells:

 Your Spells              Type           Power        Failure   Level  Hunger
a - Beastly Appendage     Tmut           ##....       4%          1    #......
b - Spider Form           Tmut/Pois      ##........   16%         3    ###....
e - Sticks to Snakes      Tmut           ##......     7%          2    ##.....


Dungeon Overview and Level Annotations

Branches:
Dungeon (8/15)             Temple (0/1) D:4
   Lair: D:8-11

Altars:
Cheibriados
Elyvilon
Kikubaaqudgha

Shops:
D:5 %

Annotations:
D:3 Jessica
D:4 exclusion: phantom
D:6 exclusions: centaur and ogre
D:7 exclusions: 3 orcs and 2 orc wizards


Innate Abilities, Weirdness & Mutations

You cannot wear most types of armour.
You are very stealthy in the water. (Stealth+)
You are amphibious.
You can wear up to eight rings at the same time.
You can use your tentacles to constrict eight enemies at once.
Your skin changes colour to match your surroundings (Stealth+).
Your rubbery body absorbs attacks. (AC +1, EV +1)
One of your tentacles bears a large vicious spike.


Message History

The wyvern bites you!
* * * LOW HITPOINT WARNING * * *
The flow of time bends around you.
Cheibriados rebukes the wyvern.
The wyvern seems to slow down.
You feel slightly more hungry. The wyvern completely misses you.
There is an open door here.
It was a potion of curing.
You feel better. The wyvern closely misses you.
You fade into invisibility!
Your transformation is almost over.
The wyvern barely misses you.
You tentacle-slap the wyvern.
You squeeze the wyvern, but do no damage.
The wyvern is moderately wounded.
The wyvern bites you.
* * * LOW HITPOINT WARNING * * *
You bludgeon the wyvern!
Your tentacle-slap misses the wyvern.
You squeeze the wyvern, but do no damage.
The wyvern is severely wounded.
The wyvern bites you!!
You die...

##########
#........######
#........##...#########
+........''...@l.!.....
#........##...#########
#........##...#
#........######
#........# ##'#######
####'##### #........#
#........#


You could see a wyvern (wandering).

Vanquished Creatures
  A sky beast (D:8)
  A necrophage (D:7)
  3 scorpions
  A howler monkey (D:6)
  2 crimson imps
  A quasit (D:8)
  A bullfrog skeleton (D:4)
  2 hounds
  3 orc priests
  An orc wizard (D:7)
  A jelly (D:5)
  An iguana (D:5)
  4 worker ants
  A hound skeleton (D:5)
  An adder (D:8)
  An ooze (D:2)
  An adder skeleton (D:4)
  A worm (D:4)
  7 dart slugs
  2 leopard geckos
  4 orcs
  2 ball pythons
  3 giant cockroaches
  3 goblins
  7 hobgoblins
  9 jackals
  A quokka (D:2)
  6 bats
  3 frilled lizards
  8 kobolds
  A leopard gecko skeleton (D:4)
  5 rats
88 creatures vanquished.

Notes
Turn   | Place    | Note
-------+----------+-------------------------------------------
     0 | D:1      | xgamer67 the Octopode Transmuter began the quest for the Orb.
     0 | D:1      | Reached XP level 1. HP: 13/13 MP: 3/3
   215 | D:1      | Reached XP level 2. HP: 14/18 MP: 5/5
   433 | D:1      | Learned a level 2 spell: Sticks to Snakes
   685 | D:1      | Reached skill level 4 in Unarmed Combat
   742 | D:1      | Reached XP level 3. HP: 23/23 MP: 4/6
   747 | D:1      | Learned a level 3 spell: Spider Form
  1909 | D:2      | Found a white marble altar of Elyvilon.
  1909 | D:2      | Found an ancient bone altar of Kikubaaqudgha.
  2034 | D:2      | Found a snail-covered altar of Cheibriados.
  2053 | D:2      | Became a worshipper of Cheibriados the Contemplative
  2218 | D:2      | Reached XP level 4. HP: 20/28 MP: 7/7
  2680 | D:3      | Noticed Jessica
  2705 | D:3      | Reached * piety under Cheibriados
  2941 | D:3      | Noticed a phantom
  2953 | D:3      | Reached skill level 5 in Unarmed Combat
  2953 | D:3      | Reached skill level 1 in Poison Magic
  2953 | D:3      | Reached XP level 5. HP: 33/33 MP: 4/8
  3230 | D:4      | Found a staircase to the Ecumenical Temple.
  3833 | D:4      | Noticed a phantom
  3847 | D:4      | Reached XP level 6. HP: 18/38 MP: 9/9
  3983 | D:4      | Reached skill level 6 in Unarmed Combat
  4122 | D:5      | Entered Level 5 of the Dungeon
  4190 | D:5      | Reached skill level 1 in Invocations
  4338 | D:5      | Reached ** piety under Cheibriados
  4406 | D:5      | Reached XP level 7. HP: 42/43 MP: 10/10
  4493 | D:5      | Found Haoh's Food Shop.
  5120 | D:7      | Reached skill level 7 in Unarmed Combat
  5973 | D:8      | Reached XP level 8. HP: 24/48 MP: 9/11
  6089 | D:8      | Noticed a wyvern
  6097 | D:8      | Reached skill level 8 in Unarmed Combat
  6105 | D:8      | Mangled by a wyvern

Vault maps used:
D:1:      dpeg_arrival_lava_altar
D:2:      kennysheep_slug_shrine, amethyst_overflow_temple_binary
D:3:      minmay_snake_closets, uniq_jessica
D:4:      minmay_temple_entry_grid, first_bread
D:5:      serial_shops, kennysheep_mini
D:6:      uniq_crazy_yiuf_cottage, uniq_sigmund
D:8:      kennysheep_little_box, serial_shops, shop, special_room,
          uniq_prince_ribbit1

Skill      XL: |  1  2  3  4  5  6  7  8 |
---------------+-------------------------+-----
Unarmed Combat | 4 5 6 7 8 |  8.0
Poison Magic   | 1 2 |  2.1
Transmutations | 3 |  3.0
Invocations    | 2 3 4 |  4.1
Fighting       | |  1.0
Dodging        | |  2.0
Spellcasting   | |  2.0

Action                   |  1- 3 |  4- 6 |  7- 9 || total
-------------------------+-------+-------+-------++-------
Melee: Unarmed           |    82 |    88 |    66 ||   236
       Constrict         |    22 |    18 |     5 ||    45
       Tentacles         |    12 |    16 |    10 ||    38
       Kick              |     1 |     3 |     5 ||     9
       Punch             |       |     1 |     5 ||     6
 Cast: Beastly Appendage |     4 |     5 |     4 ||    13
       Spider Form       |       |     5 |     5 ||    10
Invok: Bend Time         |       |       |     1 ||     1
  Use: Scroll            |       |     8 |       ||     8
       Potion            |       |       |     2 ||     2
 Stab: Sleeping          |     8 |     8 |     5 ||    21
       Distracted        |       |     1 |       ||     1
  Eat: Chunk             |     4 |     5 |     2 ||    11
Armor: Skin              |     7 |     1 |     4 ||    12
Dodge: Dodged            |    45 |    45 |    43 ||   133
